 Dungeon Crawl Stone Soup version 0.21.0-24-g2553a33 (webtiles) character file.

4043 Gorice the Carver (level 10, -5/72 HPs)
             Began as a Demonspawn Berserker on Jan 20, 2018.
             Was an Elder of Trog.
             Slain by an orc warrior
             ... wielding a +0 battleaxe
              (21 damage)
             ... on level 8 of the Dungeon.
             The game lasted 00:31:17 (11557 turns).

Gorice the Carver (Demonspawn Berserker)           Turns: 11557, Time: 00:31:17

Health: -5/72      AC: 19    Str: 19    XL:     10   Next: 4%
Magic:  10/10      EV:  7    Int:  9    God:    Trog [****..]
Gold:   337        SH:  0    Dex: 14    Spells: 9/9 levels left

rFire    . . .     SeeInvis .   a - +2 falchion (slice)
rCold    . . .     Gourm    .   (no shield)
rNeg     . . .     Faith    .   P - +0 plate armour
rPois    .         Spirit   .   (helmet restricted)
rElec    .         Reflect  .   M - +1 cloak {MR+}
rCorr    +         Harm     .   o - +2 pair of gloves
MR       +....                  (no boots)
Stlth    ..........             (no amulet)
HPRegen  0.22/turn              F - ring of flight
MPRegen  0.12/turn              C - ring of resist corrosion

@: no status effects
A: antennae 1, powered by pain 2
a: Berserk, Trog's Hand, Brothers in Arms, Burn Spellbooks, Renounce Religion,
Evoke Flight


You were on level 8 of the Dungeon.
You worshipped Trog.
Trog was greatly pleased with you.
You were very hungry.

You visited 1 branch of the dungeon, and saw 8 of its levels.

You collected 407 gold pieces.
You spent 70 gold pieces at shops.

Inventory:

Hand Weapons
 a - a +2 falchion of slicing (weapon)
   (You took it off an orc on level 5 of the Dungeon)
 v - a +1 falchion
 N - a +1 dagger of electrocution
   (You took it off an orc wizard on level 8 of the Dungeon)
Missiles
 h - 7 poisoned javelins (quivered)
 B - 65 sling bullets
 K - 2 tomahawks
 O - 7 curare-tipped needles
 Y - 305 stones
 Z - a throwing net
Armour
 b - a +0 animal skin
 j - a +0 ring mail
 o - a +2 pair of gloves (worn)
 r - a +1 cloak
 E - a +0 scale mail
 M - a +1 cloak of magic resistance (worn)
   (You took it off Maurice on level 8 of the Dungeon)
 P - a +0 plate armour (worn)
Jewellery
 f - an uncursed ring of fire
 C - a ring of resist corrosion (right hand)
 F - a ring of flight (left hand)
 H - a +5 ring of dexterity
Wands
 p - a wand of flame (36)
 s - a wand of polymorph (8)
 w - a wand of digging (19)
Scrolls
 g - a scroll of remove curse
 n - 5 scrolls of teleportation {!r}
 q - 4 scrolls of fear {!r}
 t - a scroll of magic mapping {!r}
 u - a scroll of fog
 y - a scroll of enchant armour
 D - a scroll of enchant weapon
Potions
 d - a potion of ambrosia
 e - 2 potions of magic {!q}
 i - 2 potions of invisibility {!q}
 k - 2 potions of lignification {!q}
 l - 2 potions of flight
 m - 4 potions of curing
 x - a potion of resistance {unknown}
 z - 2 potions of haste {unknown}
 A - 3 potions of brilliance {unknown}
 G - a potion of might {unknown}
 J - a potion of cancellation {unknown}
 L - a potion of heal wounds {!q}
Books
 I - a Young Poisoner's Handbook
Comestibles
 c - 12 rations


   Skills:
 - Level 4.2 Fighting
 * Level 11.1 Long Blades
 + Level 7.3 Armour
 - Level 1.7 Dodging


You had 9 spell levels left.
You didn't know any spells.

Dungeon Overview and Level Annotations

Branches:
Dungeon (8/15)             Temple (0/1) D:4
   Lair: D:8-11

Altars:
Ashenzari
Dithmenos

Shops:
D:7 *[!


Innate Abilities, Weirdness & Mutations

You have a pair of small antennae on your head.
You sometimes gain power by taking damage.


Message History

You hear a shout! x2
Damage: 11 (max 11)
You closely miss the orc warrior.
The orc warrior is moderately wounded.
You hear a shout!
The orc warrior hits you with a battleaxe!
* * * LOW HITPOINT WARNING * * *
Damage: 15 (max 15)
You are too injured to fight recklessly!
You are too injured to fight recklessly!
You are too injured to fight recklessly!
Items here: $ ))) [[ ††† You see here a whip.
There is an open door, spattered with blood here.
Items here: ))))))) [ ÷÷÷÷÷÷
There is an open door here.
You are feeling very hungry.
Evoke which item? (* to show all) (? for menu, Esc to quit)
Aiming: Polymorph
Press: ? - help, Shift-Dir - straight line, f - orc warrior
Aim: an orc warrior, wielding a battleaxe and wearing a plate armour (moderately wounded, chance to defeat MR: 46%)
The orc warrior resists with some effort.
The orc warrior hits you with a battleaxe.
* * * LOW HITPOINT WARNING * * *
Damage: 4 (max 15) Unknown command.
Your plate armour prevents you from hitting the orc warrior.
The orc warrior is moderately wounded.
Evoke which item? (* to show all) (? for menu, Esc to quit)
Aiming: Polymorph
Press: ? - help, Shift-Dir - straight line, f/p - orc warrior
Aim: an orc warrior, wielding a battleaxe and wearing a plate armour (moderately wounded, chance to defeat MR: 46%)
The orc warrior resists with some effort.
The orc warrior hits you with a battleaxe!
* * * LOW HITPOINT WARNING * * *
Damage: 10 (max 15)
There is an open door here.
The orc warrior completely misses you.
The orc priest mumbles some strange prayers to Beogh against you.
Beogh smites you!
* * * LOW HITPOINT WARNING * * *
Damage: 9 (max 15)
You see here a halberd.
There is a stone staircase leading up here.
Press: ? - help, v - describe, . - travel, g - get item
Here: an orc warrior, wielding a battleaxe and wearing a plate armour (moderately wounded)
A halberd.
The floor, spattered with blood.
The orc warrior hits you with a battleaxe!!
You die...

#.# #o# ##..######
#o# #.# #........#
#.o
#o########........#
#.#
#..o..{{{'..>.....#
#.#
##########o.......#
#.#
#...oo.........#
#.####.........#
#.####.........#
#.#.@#.........#
#o#o##.##.######
#o#)##.##.#
#.#o##.##.#
#.#.##..#.#
#.#o##..#.#
#{#o....#.#
#.#.#####.#
#.........#


You could see an orc warrior, an orc priest and 2 orcs.

Vanquished Creatures
  Maurice (D:8)
  A hungry ghost (D:8)
  Duvessa (D:7)
  2 water moccasins
  An orc warrior (D:8)
  A sky beast (D:6)
  A hornet zombie (D:8)
  3 phantoms
  4 centaurs
  6 ogres
  The ghost of Gorice the Slasher, an amateur DsBe of Trog (D:3)
  A big kobold (D:8)
  6 bullfrogs
  Dowan (D:7)
  A scorpion (D:8)
  6 killer bees (D:7)
  A howler monkey (D:5)
  5 crimson imps
  2 bullfrog zombies
  4 orc priests
  A hound (D:4)
  3 orc wizards
  Crazy Yiuf (D:4)
  An iguana (D:5)
  3 worker ants
  2 hound skeletons
  Robin (D:2)
  A howler monkey zombie (D:6)
  10 gnolls
  9 adders
  An ooze (D:3)
  An adder skeleton (D:7)
  3 worms
  2 dart slugs
  2 leopard geckos
  24 orcs
  A ball python (D:1)
  6 bats
  4 giant cockroaches
  17 goblins
  10 hobgoblins
  6 jackals
  15 kobolds
  3 quokkas
  2 frilled lizards
  A leopard gecko zombie (D:5)
  A quokka skeleton (D:5)
  10 rats
190 creatures vanquished.

Notes
Turn   | Place    | Note
-------+----------+-------------------------------------------
     0 | D:1      | Gorice the Demonspawn Berserker began the quest for the Orb.
     0 | D:1      | Reached XP level 1. HP: 18/18 MP: 1/1
   105 | D:1      | Reached skill level 3 in Long Blades
   190 | D:1      | Gained mutation: You sometimes gain a little power by taking damage. [demonic ancestry]
   190 | D:1      | Reached XP level 2. HP: 20/24 MP: 2/2
   257 | D:1      | HP: 7/24 [hobgoblin/club (3)]
   309 | D:1      | HP: 5/24 [hobgoblin/club (4)]
  1037 | D:1      | Reached XP level 3. HP: 10/29 MP: 3/3
  1450 | D:1      | Reached ** piety under Trog
  1470 | D:1      | HP: 8/29 [poisoned by a worker ant]
  1866 | D:2      | Noticed Robin
  1870 | D:2      | Reached skill level 4 in Long Blades
  1876 | D:2      | Killed Robin
  1876 | D:2      | Reached XP level 4. HP: 23/37 MP: 4/4
  3214 | D:2      | Reached skill level 4 in Fighting
  3700 | D:2      | Gained mutation: You sometimes gain power by taking damage. [demonic ancestry]
  3700 | D:2      | Reached XP level 5. HP: 16/42 MP: 5/5
  4031 | D:3      | You fall through a shaft for 2 floors!
  4031 | D:5      | Entered Level 5 of the Dungeon
  4043 | D:5      | Noticed a phantom
  4420 | D:4      | Reached skill level 5 in Long Blades
  4420 | D:4      | Reached skill level 2 in Armour
  4698 | D:3      | Noticed Gorice's ghost (amateur DsBe)
  5479 | D:3      | Killed Gorice's ghost
  5479 | D:3      | Reached *** piety under Trog
  5479 | D:3      | Reached XP level 6. HP: 48/48 MP: 6/6
  5817 | D:4      | Found a staircase to the Ecumenical Temple.
  5966 | D:4      | Reached skill level 3 in Armour
  6174 | D:4      | Found a runed door.
  6178 | D:4      | Noticed Crazy Yiuf
  6208 | D:4      | Killed Crazy Yiuf
  6208 | D:4      | Reached skill level 6 in Long Blades
  6355 | D:4      | Reached XP level 7. HP: 41/54 MP: 7/7
  6448 | D:4      | Found a shattered altar of Ashenzari.
  7086 | D:5      | Reached skill level 7 in Long Blades
  7086 | D:5      | Reached skill level 4 in Armour
  7267 | D:5      | HP: 13/54 [ogre/giant spiked club (13)]
  7269 | D:5      | HP: 4/81 [ogre/giant spiked club (15)]
  7270 | D:5      | Reached XP level 8. HP: 4/60 MP: 8/8
  7717 | D:5      | Found a shadowy altar of Dithmenos.
  7932 | D:5      | Reached skill level 8 in Long Blades
  8246 | D:5      | Reached skill level 5 in Armour
  9020 | D:6      | Reached skill level 9 in Long Blades
  9283 | D:7      | Found Bejo Leo's Assorted Antiques.
  9302 | D:7      | Found Picoihiv's Armour Boutique.
  9453 | D:7      | Gained mutation: You have a pair of small antennae on your head. [demonic ancestry]
  9453 | D:7      | Reached XP level 9. HP: 52/65 MP: 9/9
  9518 | D:7      | Noticed Duvessa
  9518 | D:7      | Noticed Dowan
  9534 | D:7      | Killed Duvessa
  9539 | D:7      | Killed Dowan
  9539 | D:7      | Received a gift from Trog
  9697 | D:7      | Reached skill level 6 in Armour
  9871 | D:7      | Found Ahoom's Distillery.
  9884 | D:7      | Bought a potion of heal wounds for 70 gold pieces
  9930 | D:7      | Reached skill level 10 in Long Blades
  9934 | D:7      | Reached **** piety under Trog
 10641 | D:8      | Noticed Maurice
 10665 | D:8      | Reached skill level 7 in Armour
 10674 | D:8      | Killed Maurice
 10683 | D:8      | HP: 19/65 [poisoned by a water moccasin]
 10688 | D:8      | HP: 16/65 [poisoned by a water moccasin]
 10693 | D:8      | HP: 16/65 [poisoned by a water moccasin]
 10700 | D:8      | HP: 9/65 [poisoned by a water moccasin]
 11037 | D:8      | Reached skill level 11 in Long Blades
 11042 | D:8      | Reached XP level 10. HP: 36/72 MP: 10/10
 11070 | D:8      | HP: 21/72 [orc/whip (4)]
 11075 | D:8      | HP: 20/72 [poisoned by an orc]
 11083 | D:8      | HP: 20/72 [poisoned by an orc]
 11091 | D:8      | HP: 20/72 [poisoned by an orc]
 11143 | D:8      | HP: 21/72 [poisoned by a worker ant]
 11151 | D:7      | HP: 21/72 [poisoned by a worker ant]
 11159 | D:7      | HP: 21/72 [poisoned by a worker ant]
 11526 | D:8      | HP: 18/72 [orc warrior/battleaxe (10)]
 11544 | D:8      | HP: 13/72 [orc priest/divine providence (9)]
 11557 | D:8      | Slain by an orc warrior

Skill      XL: |  1  2  3  4  5  6  7  8  9 |
---------------+----------------------------+-----
Long Blades    | 3 4 5 6 7 9 11 | 11.1
Fighting       | 4 |  4.2
Armour         | 2 3 4 5 7 |  7.3
Dodging        | |  1.7

Action                   |  1- 3 |  4- 6 |  7- 9 | 10-12 || total
-------------------------+-------+-------+-------+-------++-------
Melee: Falchion          |   101 |   217 |   453 |    51 ||   822
Throw: Stone             |       |    18 |     8 |       ||    26
       Javelin           |       |       |    16 |       ||    16
Invok: Berserk           |     1 |     1 |     3 |     1 ||     6
Evoke: Wand              |       |     6 |       |     3 ||     9
  Use: Scroll            |     2 |    12 |     4 |       ||    18
  Eat: Chunk             |     4 |    15 |    19 |     2 ||    40
Armor: Animal skin       |    17 |    20 |       |       ||    37
       Ring mail         |       |    39 |    88 |       ||   127
       Scale mail        |       |       |    81 |    10 ||    91
       Plate armour      |       |       |       |     3 ||     3
Dodge: Dodged            |    79 |   133 |   198 |    22 ||   432
       Rpst.: Falchion   |    23 |    42 |    69 |     1 ||   135

Table legend:
 A = Turns spent in this place as a percentage of turns spent in the entire game.
 B = Non-inter-level travel turns spent in this place as a percentage of non-inter-level travel turns spent in the entire game.
 C = Inter-level travel turns spent in this place as a percentage of turns spent in this place.
 D = Turns resting spent in this place as a percentage of non-inter-level travel turns spent in this place.
 E = Turns spent auto-exploring this place as a percentage of non-inter-level travel turns spent in this place.
 F = Non-inter-level travel turns spent in this place divided by the number of levels of this place that you've seen.
                   A       B       C       D       E      F
               +-------+-------+-------+-------+-------+----------------------
         Total | 100.0 | 100.0 |   3.0 |  37.1 |  34.8 | 1401.5
       Dungeon | 100.0 | 100.0 |   3.0 |  37.1 |  34.8 | 1401.5
               +-------+-------+-------+-------+-------+----------------------

Vault maps used:
D:1:      dpeg_arrival_morbid_curiosity
D:2:      uniq_robin
D:3:      gup_sewer_entry_bowl
D:4:      temple_hall, ashenzari_altar_1, uniq_crazy_yiuf_cottage
D:5:      kennysheep_mini_moat, first_ration, corexii_shack,
          minmay_misc_feat_rows
D:6:      grunt_decor_one_mirror, grunt_ministairs_13
D:7:      cheibrodos_iron_armory, serial_shops, shop, nicolae_shop_trees, shop,
          uniq_duvessa
D:8:      special_room, uniq_maurice
